 Dungeon Crawl Stone Soup version 0.17.1-2-g5865329 (webtiles) character file.

18920 simples the Severer (level 12, -14/116 HPs)
             Began as a Minotaur Fighter on Jan 26, 2016.
             Was the Champion of the Shining One.
             Demolished by an orc knight
             ... wielding a +0 bardiche
              (21 damage)
             ... on level 4 of the Orcish Mines.
             The game lasted 00:27:02 (14245 turns).

simples the Severer (Minotaur Fighter)             Turns: 14245, Time: 00:27:03

Health: -14/116    AC: 10    Str: 23    XL:     12   Next: 32%
Magic:  11/11      EV:  9    Int:  5    God:    the Shining One [******]
Gold:   1544       SH:  0    Dex: 16    Spells: 0 memorised, 11 levels left

rFire  . . .     SeeInvis .     O - +0 battleaxe
rCold  . . .     Clarity  .     b - +0 scale mail
rNeg   + + +     SustAt   +     (shield currently unavailable)
rPois  .         Gourm    .     (helmet restricted)
rElec  .         Spirit   .     P - +2 cloak of the Ward {MR+ Str+3 Slay+2}
rCorr  .         Warding  .     (no gloves)
rMut   .         Stasis   .     (no boots)
MR     +....                    (no amulet)
Stlth  ..........               (no ring)
                                n - ring of sustain attributes

@: glowing, somewhat resistant to hostile enchantments, extremely unstealthy
A: retaliatory headbutt, horns 2
a: Divine Shield, Cleansing Flame, Summon Divine Warrior, Brand Weapon With Holy
Wrath, Renounce Religion


You were on level 4 of the Orcish Mines.
You worshipped the Shining One.
The Shining One was exalted by your worship.
You were hungry.

You visited 2 branches of the dungeon, and saw 16 of its levels.

You collected 1544 gold pieces.

Inventory:

Hand Weapons
 a - a +0 war axe
 u - a +0 mace
 C - a +0 war axe of freezing
 O - a +0 battleaxe (weapon)
Missiles
 r - 36 poisoned needles
Armour
 b - a +0 scale mail (worn)
 E - a +0 cloak
 P - the +2 cloak of the Ward (worn) {MR+ Str+3 Slay+2}
   (You found it on level 8 of the Dungeon)

   It affects your strength (+3).
   It affects your accuracy and damage with ranged weapons and melee attacks
   (+2).
   It affects your resistance to hostile enchantments.
Jewellery
 h - a cursed ring of teleportation
 n - a ring of sustain attributes (left hand)
 G - an uncursed ring of ice
 M - an uncursed amulet of regeneration
 R - a +2 ring of slaying {unknown}
Wands
 g - a wand of disintegration (16)
 L - a wand of digging (17)
 N - a wand of cold (5)
 S - a wand of frost (40)
Scrolls
 f - 4 scrolls of blinking
 m - a scroll of enchant armour
 p - 2 scrolls of identify
 q - 4 scrolls of fog
 t - 2 scrolls of amnesia {unknown}
 v - 4 scrolls of teleportation
 w - 2 scrolls of random uselessness
 y - 3 scrolls of recharging {unknown}
 A - 4 scrolls of remove curse
 F - 3 scrolls of noise
 J - 2 scrolls of immolation {unknown}
Potions
 d - 3 potions of might
 i - a potion of flight
 j - 2 potions of agility
 l - 8 potions of curing
 o - a potion of ambrosia {unknown}
 s - 2 potions of degeneration {unknown}
 z - a potion of berserk rage {unknown}
 B - a potion of mutation {unknown}
 D - 2 potions of brilliance {unknown}
 H - a potion of cure mutation {unknown}
Books
 K - a book of Maledictions

   Spells                             Type                      Level
   a - Corona                         Hexes                        1
   b - Ensorcelled Hibernation        Hexes/Ice                    2
   c - Confuse                        Hexes                        3
   d - Tukima's Dance                 Hexes                        3
   e - Dazzling Spray                 Conjuration/Hexes            3
 Q - a book of Party Tricks

   Spells                             Type                      Level
   a - Summon Butterflies             Summoning                    1
   b - Apportation                    Translocation                1
   c - Tukima's Dance                 Hexes                        3
   d - Alistair's Intoxication        Transmutation/Poison         4
   e - Invisibility                   Hexes                        6
Comestibles
 e - 13 bread rations
 k - 23 fruits
 x - 5 meat rations
 I - a royal jelly


   Skills:
 + Level 13.9 Fighting
 * Level 18.5 Axes
 - Level 3.6 Armour
   Level 3.6 Shields


You had 11 spell levels left.
You didn't know any spells.

Dungeon Overview and Level Annotations

Branches:
Dungeon (12/15)            Temple (0/1) D:4            Lair (0/8) D:10
    Orc (4/4) D:12            Elf (0/3) Orc:4

Altars:
Dithmenos
Elyvilon
Fedhas
Makhleb
Nemelex Xobeh
Qazlal
Trog
Xom
The Shining One

Shops:
D:8 }=   Orc:4 %

Portals:
Bazaar: Orc:4

Annotations:
Orc:1 exclusion: oklob plant


Innate Abilities, Weirdness & Mutations

You reflexively headbutt those who attack you in melee.
You have a pair of horns on your head.


Message History

You are too injured to fight recklessly!
Unknown command.
You hit the orc knight but do no damage.
The orc knight is heavily wounded.
You hit the orc warrior but do no damage.
The orc warrior is heavily wounded.
The orc warrior hits you with a trident.
* * * LOW HITPOINT WARNING * * *
You slice the orc knight!!
You kill the orc knight!
You slice the orc warrior!!
You kill the orc warrior!
The orc knight roars a battlecry!
The orc knight barely misses you.
You barely miss the orc knight.
You headbutt the orc knight, but do no damage.
The orc knight hits you with an enchanted great sword!
* * * LOW HITPOINT WARNING * * *
The orc knight hits you from afar with a bardiche!!
You die...

#.......#### .∩#
#........## ..#
#.........# ##..
#........## ...
#.........# #..
#.#......## ..
##.o###.......## ...
#..o)##.#.#.#.## #.#
#@##.##.....# #.#
##)##.......## #.#
##..##........# #.#
###..###....#..## ##
...####.####...##
#...#...# #.##
#...........###
#...##.####....
######.######
#......###.#...
####.##
########.......#......
##.....#
.........###..##...#.#


You could see 2 orc knights.

Vanquished Creatures
  A centaur warrior (D:11)
  2 orc high priests (Orc:4)
  Pikel (D:4)
  A hill giant (D:12)
  2 orc knights (Orc:4)
  2 orc sorcerers (Orc:4)
  A cyclops (D:12)
  A manticore (D:11)
  Joseph (D:7)
  A gargoyle (D:10)
  A fire drake (D:10)
  Grinder (D:5)
  2 trolls
  Sigmund (D:5)
  A hill giant zombie (D:12)
  A spriggan (D:11)
  2 deep elf magi (D:12)
  16 yaks
  Eustachio (D:5)
  2 wyverns
  Grum (D:10)
  3 hippogriffs
  4 wolves (D:10)
  3 wargs (Orc:2)
  A hungry ghost (D:12)
  3 ice beasts
  5 sky beasts
  A water moccasin (D:9)
  2 black bears (D:6)
  6 orc warriors
  A wasp (D:7)
  5 phantoms
  7 ogres
  A crocodile (D:12)
  9 centaurs
  Blork the orc (D:6)
  2 big kobolds
  4 giant frogs
  4 wights
  5 scorpions
  20 killer bees
  6 crimson imps
  A centaur zombie (D:7)
  2 giant frog skeletons
  2 giant frog zombies
  4 jellies
  13 orc priests
  A quasit (D:8)
  3 centaur skeletons
  4 hounds
  2 iguanas
  A gnoll shaman (D:5)
  5 worker ants
  Natasha (twice) (D:4)
  12 orc wizards
  A killer bee zombie (D:10)
  7 ogre zombies (D:12)
  A hound skeleton (D:5)
  A worker ant zombie (D:7)
  8 adders
  6 gnolls
  4 oozes
  4 worms (D:2)
  An adder skeleton (D:4)
  101 orcs
  4 giant cockroaches
  4 goblins
  6 hobgoblins
  6 jackals
  4 quokkas
  2 ball pythons
  6 bats
  6 giant geckos
  9 giant newts
  2 goblin zombies (D:12)
  3 hobgoblin skeletons (D:12)
  3 hobgoblin zombies (D:12)
  A jackal skeleton (D:7)
  15 kobolds
  3 orc skeletons (D:12)
  14 orc zombies (D:12)
  7 rats
416 creatures vanquished.

Notes
Turn   | Place    | Note
--------------------------------------------------------------
     0 | D:1      | simples the Minotaur Fighter began the quest for the Orb.
     0 | D:1      | Reached XP level 1. HP: 19/19 MP: 0/0
   226 | D:1      | Reached XP level 2. HP: 27/27 MP: 1/1
   253 | D:1      | Reached skill level 4 in Fighting
   434 | D:1      | You fall through a shaft!
   512 | D:2      | Reached XP level 3. HP: 33/33 MP: 2/2
  1001 | D:2      | Found a shadowy altar of Dithmenos.
  1304 | D:2      | Reached XP level 4. HP: 41/41 MP: 3/3
  1866 | D:3      | Found a glowing golden altar of the Shining One.
  1879 | D:3      | Became a worshipper of the Shining One
  2001 | D:3      | Reached skill level 5 in Fighting
  2131 | D:3      | Found a shimmering altar of Xom.
  2293 | D:3      | Found a sparkling altar of Nemelex Xobeh.
  2295 | D:3      | Reached skill level 5 in Axes
  2382 | D:4      | Reached XP level 5. HP: 48/48 MP: 4/4
  2713 | D:4      | Noticed an orc warrior
  2728 | D:4      | Killed an orc warrior
  2728 | D:4      | Reached skill level 6 in Axes
  2728 | D:4      | Reached XP level 6. HP: 52/57 MP: 5/5
  3076 | D:4      | Noticed Natasha
  3083 | D:4      | Killed Natasha
  3083 | D:4      | Reached skill level 7 in Axes
  3150 | D:4      | Noticed Pikel
  3150 | D:4      | Noticed a slave
  3151 | D:4      | Noticed a slave
  3151 | D:4      | Noticed a slave
  3160 | D:4      | Noticed a slave
  3160 | D:4      | Killed Pikel
  3160 | D:4      | Reached skill level 8 in Axes
  3160 | D:4      | Reached XP level 7. HP: 62/66 MP: 6/6
  3314 | D:4      | Found a staircase to the Ecumenical Temple.
  3426 | D:4      | Noticed Natasha
  3431 | D:4      | Killed Natasha
  3582 | D:5      | Entered Level 5 of the Dungeon
  3589 | D:5      | Reached * piety under the Shining One
  3604 | D:5      | Reached skill level 9 in Axes
  3783 | D:5      | Reached XP level 8. HP: 71/73 MP: 7/7
  3914 | D:5      | Noticed Eustachio
  3991 | D:5      | Killed Eustachio
  4094 | D:5      | Reached skill level 10 in Axes
  4396 | D:5      | Noticed Sigmund
  4399 | D:5      | Noticed Grinder
  4424 | D:6      | Reached skill level 11 in Axes
  4663 | D:5      | Reached ** piety under the Shining One
  4682 | D:5      | Paralysed by Grinder for 7 turns
  4695 | D:5      | Killed Grinder
  4896 | D:5      | Killed Sigmund
  4896 | D:5      | Reached XP level 9. HP: 80/83 MP: 8/8
  4958 | D:6      | Noticed Blork the orc
  4962 | D:6      | Killed Blork the orc
  5062 | D:6      | Reached skill level 12 in Axes
  5093 | D:6      | Found a bloodstained altar of Trog.
  5352 | D:6      | Found a stormy altar of Qazlal.
  5834 | D:7      | Found a white marble altar of Elyvilon.
  5946 | D:7      | Reached skill level 10 in Fighting
  5946 | D:7      | Reached skill level 13 in Axes
  6513 | D:7      | Noticed Joseph
  6532 | D:7      | Killed Joseph
  6532 | D:7      | Reached XP level 10. HP: 25/94 MP: 9/9
  7054 | D:7      | Found a blossoming altar of Fedhas.
  7454 | D:8      | Reached *** piety under the Shining One
  7457 | D:8      | Reached skill level 14 in Axes
  7636 | D:8      | Found a shadowy altar of Dithmenos.
  7661 | D:8      | Got a polished cloak
  7685 | D:8      | Identified the +2 cloak of the Ward {MR+ Str+3 Slay+2} (You found it on level 8 of the Dungeon)
  7757 | D:8      | Found Haesch's Jewellery Shoppe.
  7777 | D:8      | Found Puguet's Gadget Boutique.
  8260 | D:9      | Found a burning altar of Makhleb.
  8616 | D:10     | Entered Level 10 of the Dungeon
  8625 | D:10     | Reached skill level 15 in Axes
  8921 | D:10     | Noticed Grum
  8948 | D:10     | Killed Grum
  8954 | D:10     | Reached XP level 11. HP: 55/104 MP: 10/10
  9166 | D:10     | Found a staircase to the Lair.
  9318 | D:10     | Reached **** piety under the Shining One
  9413 | D:10     | Reached skill level 16 in Axes
 10579 | D:11     | Noticed a centaur warrior
 10588 | D:11     | Killed a centaur warrior
 11101 | D:12     | Found a staircase to the Orcish Mines.
 11140 | D:12     | Reached skill level 17 in Axes
 11512 | D:12     | Reached ***** piety under the Shining One
 12173 | D:12     | Noticed a hill giant
 12179 | D:12     | Killed a hill giant
 12673 | Orc:1    | Entered Level 1 of the Orcish Mines
 13061 | Orc:2    | Reached XP level 12. HP: 115/115 MP: 11/11
 13875 | Orc:4    | Entered Level 4 of the Orcish Mines
 13879 | Orc:4    | Reached ****** piety under the Shining One
 14102 | Orc:4    | Reached skill level 18 in Axes
 14130 | Orc:4    | Found a staircase to the Elven Halls.
 14137 | Orc:4    | Found a flickering gateway to a bazaar.
 14209 | Orc:4    | Found Ijizotock's Food Shop.
 14245 | Orc:4    | Demolished by an orc knight

Action                   |  1- 3 |  4- 6 |  7- 9 | 10-12 || total
-------------------------+-------+-------+-------+-------++-------
Melee: War axe           |   100 |   136 |   204 |   256 ||   696
       Battleaxe         |       |       |       |   221 ||   221
  Use: Scroll            |     3 |       |     4 |     9 ||    16
       Potion            |     1 |     2 |     2 |     1 ||     6
  Eat: Chunk             |     1 |     5 |     5 |    13 ||    24
       Meat ration       |       |       |     1 |     2 ||     3
       Beef jerky        |       |       |     1 |       ||     1
       Pizza             |       |       |       |     1 ||     1
